 Dungeon Crawl Stone Soup version 0.19.4 (webtiles) character file.

10348 Jerry the Slicer (level 11, 0/60 HPs)
             Began as a Vine Stalker Fighter on Jan 30, 2017.
             Was a Follower of Uskayaw.
             Slain by an orc knight
             ... wielding a +0 war axe
              (8 damage)
             ... on level 11 of the Dungeon.
             The game lasted 00:52:13 (10227 turns).

Jerry the Slicer (Vine Stalker Fighter)            Turns: 10227, Time: 00:52:13

Health: 0/60       AC: 15    Str: 18    XL:     11   Next: 60%
Magic:  0/15       EV: 10    Int:  8    God:    Uskayaw [*.....]
Gold:   594        SH:  5    Dex: 18    Spells: 1 memorised, 8 levels left

rFire  + . .     SeeInvis .     E - +4 Vampire's Tooth {vamp}
rCold  . . .     Gourm    .     I - +3 ring mail of Beogh's Pride {*Drain rElec rN+++ Dex-4}
rNeg   + + +     Faith    .     p - +0 buckler
rPois  .         Spirit   +     (helmet restricted)
rElec  +         Reflect  .     m - +2 cloak {MR+}
rCorr  +         Harm     .     N - +0 pair of gloves
MR     ++...     Clarity  +     j - +0 pair of boots
Stlth  +.........               (no amulet)
                                r - +4 ring of dexterity
                                L - ring of resist corrosion

@: about to teleport
A: antennae 1, fangs 3, talons 1, clarity, fire resistance 1, low mp 1,
regeneration 1, evolution 1, magic shield, antimagic bite, no device heal 3, rot
immunity
a: Stomp, Renounce Religion


You were on level 11 of the Dungeon.
You worshipped Uskayaw.
Uskayaw was noncommittal.
You were hungry.

You visited 2 branches of the dungeon, and saw 12 of its levels.
You also visited: Ossuary.

You collected 594 gold pieces.

Inventory:

Hand Weapons
 a - a +1 rapier
 E - the +4 Vampire's Tooth (weapon) {vamp}
   (You found it on level 8 of the Dungeon)

   It inflicts no extra harm, but heals its wielder when it wounds a living foe.
Missiles
 t - 310 stones (quivered)
Armour
 j - a +0 pair of boots (worn)
 m - a +2 cloak of magic resistance (worn)
 p - a +0 buckler (worn)
 I - the +3 ring mail of Beogh's Pride (worn) {*Drain rElec rN+++ Dex-4}
   (You found it on level 6 of the Dungeon)

   It affects your dexterity (-4).
   It insulates you from electricity.
   It renders you almost immune to negative energy.
   It causes draining when unequipped.
 N - a +0 pair of gloves (worn)
Jewellery
 r - a +4 ring of dexterity (right hand)
 L - a ring of resist corrosion (left hand)
Wands
 b - a wand of polymorph (13/24)
 k - a wand of digging (18/24)
 x - a wand of iceblast (1/15)
 y - a wand of slowing (11/48)
 F - a wand of lightning (3/15)
 M - a wand of lightning (7/15)
 O - a wand of digging (1/24)
 Q - a wand of confusion (37/48)
 R - a wand of polymorph (22/24)
 S - a wand of polymorph (4/24)
Scrolls
 e - a scroll of identify
 h - a scroll of recharging
 q - 2 scrolls of teleportation
 s - 7 scrolls of remove curse
 u - 4 scrolls of fog
 B - 3 scrolls of enchant weapon
 G - a scroll of immolation {unknown}
 P - a scroll of fear {unknown}
Potions
 d - a potion of might
 i - 5 potions of curing
 l - a potion of berserk rage
 n - a potion of invisibility
 v - 4 potions of flight
 w - a potion of mutation
 z - 4 potions of agility
 A - 6 potions of lignification
 C - a potion of magic {unknown}
 D - a potion of degeneration {unknown}
 H - a potion of ambrosia
 K - 2 potions of brilliance {unknown}
Books
 o - a book of Minor Magic

   Spells                             Type                      Level
   a - Magic Dart                     Conjuration                  1
   b - Blink                          Translocation                2
   c - Call Imp                       Summoning                    2
   d - Repel Missiles                 Charms/Air                   2
   e - Slow                           Hexes                        2
   f - Conjure Flame                  Conjuration/Fire             3
   g - Mephitic Cloud                 Conjuration/Poison/Air       3
Comestibles
 c - a beef jerky
 f - 9 bread rations
 g - 4 meat rations
 J - 7 royal jellies
 T - 2 chunks of flesh


   Skills:
 + Level 7.8 Fighting
 * Level 10.7 Short Blades
 + Level 7.1 Armour
 - Level 4.2 Shields
 + Level 7.2 Invocations


You had 8 spell levels left.
You knew the following spells:

 Your Spells              Type           Power        Failure   Level  Hunger
a - Repel Missiles        Chrm/Air       #.....       90%         2    ###....


Dungeon Overview and Level Annotations

Branches:
Dungeon (11/15)            Temple (1/1) D:4            Lair (0/6) D:10
    Orc: D:9-12

Altars:
Ashenzari
Cheibriados
Dithmenos
Elyvilon
Fedhas
Gozag
Hepliaklqana
Kikubaaqudgha
Makhleb
Nemelex Xobeh
Okawaru
Qazlal
Ru
Sif Muna
Trog
Uskayaw
Vehumet
Xom
Yredelemnul
Zin
The Shining One


Innate Abilities, Weirdness & Mutations

You have razor-sharp teeth.
Your natural rate of healing is unusually fast.
When hurt, damage is shared between your health and your magic reserves.
Your bite disrupts and absorbs the magic of your enemies.
Potions and wands cannot restore your health.
You are immune to rotting.
You have a pair of small antennae on your head.
You have sharp toenails.
You possess an exceptional clarity of mind.
Your flesh is heat resistant. (rF+)
Your magical capacity is low. (-10% MP)
You evolve.


Message History

* * * LOW HITPOINT WARNING * * *
Something hits you but does no damage.
Things that are here:
a short sword; a chain mail Something hits you!
* * * LOW HITPOINT WARNING * * *
You block something's attack.
Items here: ( )))) [[ You block something's attack.
Items here: ( )))) [[[ †† Something hits you but does no damage.
You see here 4 arrows.
Something hits you.
* * * LOW HITPOINT WARNING * * *
You can no longer pass through a line of other dancers.
As you read the scroll of teleportation, it crumbles to dust.
You feel strangely unstable. Something hits you.
* * * LOW HITPOINT WARNING * * *
The orc knight hits you with a war axe!
You die...

#......# #.# .#......# #.#
........# #.# #......# #####.#
#......# #.....### ###......#
#........ .........# #........
........)##############........
..........)))o@...(............
..........).{{########......###
#.........[.### #......#
############# #......# #......#
########


You could see an orc knight.

Vanquished Creatures
  Josephine (D:10)
  The ghost of Naow the Thaumaturge, a novice DECj of Vehumet (D:9)
  A hill giant (D:10)
  The ghost of Naow the Destroyer, a novice DECj of Vehumet (D:7)
  A kobold demonologist (D:11)
  A queen bee (D:9)
  A hippogriff (D:10)
  Sigmund (D:6)
  6 wraiths
  5 yaks (D:9)
  Menkaure (D:6)
  Edmund (D:6)
  A soldier ant (D:10)
  A phantom (D:6)
  2 ice beasts
  A black bear (D:6)
  3 sky beasts
  4 ogres
  8 centaurs
  A crocodile (D:10)
  Blork the orc (D:6)
  3 big kobolds
  2 bullfrogs
  19 killer bees
  4 scorpions
  3 wights (D:11)
  6 electric eels (D:6)
  A howler monkey (D:4)
  3 crimson imps
  2 bullfrog zombies
  4 jellies
  5 orc priests
  5 hounds
  A bullfrog skeleton (D:7)
  2 centaur skeletons
  5 gnoll shamans
  Crazy Yiuf (D:2)
  6 orc wizards
  2 iguanas
  Jessica (D:2)
  12 worker ants
  A hound zombie (D:7)
  A mummy (Ossuary)
  A worker ant zombie (D:9)
  Robin (D:2)
  31 gnolls
  A howler monkey skeleton (D:4)
  12 adders
  4 shadow imps
  2 oozes
  An adder skeleton (D:3)
  5 worms
  5 dart slugs
  4 leopard geckos
  27 orcs
  6 bats
  4 giant cockroaches
  8 hobgoblins
  34 jackals
  14 kobolds
  9 quokkas
  4 ball pythons
  4 frilled lizards
  7 gnoll skeletons (Ossuary)
  12 goblins
  3 goblin zombies
  A hobgoblin zombie (D:8)
  10 kobold skeletons (Ossuary)
  A kobold zombie (D:8)
  13 orc skeletons
  An orc zombie (D:8)
  A quokka skeleton (D:5)
  7 rats
365 creatures vanquished.

Vanquished Creatures (others)
  2 killer bees (D:9)
  An adder (D:6)
  A fulminant prism (D:9)
  A plant (D:6)
5 creatures vanquished.

Grand Total: 370 creatures vanquished

Notes
Turn   | Place    | Note
-------+----------+-------------------------------------------
     0 | D:1      | Jerry the Vine Stalker Fighter began the quest for the Orb.
     0 | D:1      | Reached XP level 1. HP: 11/11 MP: 2/2
    89 | D:1      | Reached skill level 2 in Short Blades
    90 | D:1      | Reached XP level 2. HP: 16/16 MP: 3/3
   663 | D:1      | Reached XP level 3. HP: 17/19 MP: 4/4
  1082 | D:2      | Noticed Robin
  1119 | D:2      | Killed Robin
  1119 | D:2      | Gained mutation: Your natural rate of healing is unusually fast. [Vine Stalker growth]
  1119 | D:2      | Reached XP level 4. HP: 18/24 MP: 5/5
  1358 | D:2      | Reached skill level 3 in Short Blades
  1449 | D:2      | Found a runed door.
  1517 | D:2      | Noticed Jessica
  1532 | D:2      | Killed Jessica
  1776 | D:2      | Noticed Crazy Yiuf
  1781 | D:2      | Killed Crazy Yiuf
  1781 | D:2      | Reached XP level 5. HP: 23/28 MP: 6/6
  2292 | D:3      | Found an iron altar of Okawaru.
  2416 | D:3      | Found a shattered altar of Ashenzari.
  2418 | D:3      | Found a radiant altar of Vehumet.
  2792 | D:4      | Reached skill level 4 in Short Blades
  2792 | D:4      | Reached XP level 6. HP: 23/32 MP: 2/7
  2957 | D:4      | Found a sacrificial altar of Ru.
  3216 | D:4      | Reached XP level 7. HP: 36/36 MP: 8/8
  3226 | D:4      | Found a stormy altar of Qazlal.
  3369 | D:4      | Learned a level 2 spell: Repel Missiles
  3408 | D:4      | Found a staircase to the Ecumenical Temple.
  3412 | D:4      | Found a sand-covered staircase.
  3419 | Ossuary  | Entered an ossuary
  3419 | Ossuary  | Noticed a wraith
  3419 | Ossuary  | Noticed a wraith
  3419 | Ossuary  | Noticed a wraith
  3588 | Ossuary  | Noticed a wraith
  3635 | Ossuary  | Killed a wraith
  3635 | Ossuary  | Reached skill level 5 in Short Blades
  3695 | Temple   | Entered the Ecumenical Temple
  3747 | Temple   | Became a worshipper of Uskayaw the Reveler
  3991 | D:4      | Reached * piety under Uskayaw
  4340 | D:5      | Entered Level 5 of the Dungeon
  4340 | D:5      | Found a radiant altar of Vehumet.
  4352 | D:5      | Reached ** piety under Uskayaw
  4364 | D:5      | Reached *** piety under Uskayaw
  4724 | D:5      | Gained mutation: You have razor-sharp teeth. [Vine Stalker growth]
  4724 | D:5      | Reached XP level 8. HP: 11/42 MP: 6/9
  4736 | D:5      | Reached skill level 1 in Invocations
  5168 | D:5      | Reached skill level 6 in Short Blades
  5291 | D:5      | Reached **** piety under Uskayaw
  5311 | D:5      | Reached ***** piety under Uskayaw
  5559 | D:6      | Got a shimmering ring mail
  5575 | D:6      | Identified the +3 ring mail of Beogh's Pride {*Drain rElec rN+++ Dex-4} (You found it on level 6 of the Dungeon)
  5662 | D:6      | Noticed Blork the orc
  5669 | D:6      | Killed Blork the orc
  5669 | D:6      | Reached skill level 5 in Fighting
  5669 | D:6      | Reached XP level 9. HP: 44/47 MP: 12/12
  5680 | D:6      | Reached skill level 7 in Short Blades
  5803 | D:6      | Noticed Sigmund
  5816 | D:6      | Killed Sigmund
  5856 | D:6      | Noticed Edmund
  5878 | D:6      | Killed Edmund
  5878 | D:6      | Reached skill level 5 in Armour
  6021 | D:6      | Noticed Menkaure
  6115 | D:6      | Killed Menkaure
  6477 | D:7      | Reached skill level 8 in Short Blades
  6480 | D:7      | Noticed Naow's ghost (novice DECj)
  6502 | D:7      | Killed Naow's ghost
  6521 | D:7      | Reached XP level 10. HP: 36/53 MP: 12/14
  7009 | D:7      | Reached skill level 5 in Invocations
  7251 | D:8      | Gained mutation: You possess an exceptional clarity of mind. [mutagenic meat]
  7253 | D:8      | Gained mutation: You have sharp toenails. [mutagenic meat]
  7254 | D:8      | Gained mutation: You evolve. [mutagenic meat]
  7255 | D:8      | Gained mutation: You have a pair of small antennae on your head. [mutagenic meat]
  7517 | D:8      | Found a glowing golden altar of the Shining One.
  7807 | D:9      | Noticed Naow's ghost (novice DECj)
  7832 | D:9      | Killed Naow's ghost
  7832 | D:9      | Reached skill level 9 in Short Blades
  7870 | D:9      | Found a glowing silver altar of Zin.
  7969 | D:9      | Found a sparkling altar of Nemelex Xobeh.
  8195 | D:9      | Gained mutation: Your flesh is heat resistant. (rF+) [evolution]
  8796 | D:9      | Reached XP level 11. HP: 58/58 MP: 16/16
  8882 | D:10     | Entered Level 10 of the Dungeon
  9062 | D:10     | Found a staircase to the Lair.
  9175 | D:10     | Noticed Josephine
  9217 | D:10     | Reached skill level 10 in Short Blades
  9250 | D:10     | Killed Josephine
  9385 | D:10     | Noticed a hill giant
  9397 | D:10     | Killed a hill giant
  9652 | D:10     | Gained mutation: Your magical capacity is low. (-10% MP) [evolution]
 10194 | D:11     | Noticed an orc knight
 10227 | D:11     | Slain by an orc knight

Skill      XL: |  1  2  3  4  5  6  7  8  9 10 11 |
---------------+----------------------------------+-----
Short Blades   | 2 3 4 5 6 8 9 10 | 10.7
Shields        | 3 4 |  4.2
Fighting       | 3 4 5 6 7 |  7.8
Armour         | 3 4 5 6 7 |  7.1
Invocations    | 2 4 6 7 |  7.2

Action                   |  1- 3 |  4- 6 |  7- 9 | 10-12 || total
-------------------------+-------+-------+-------+-------++-------
Melee: Rapier            |   102 |    81 |   521 |   103 ||   807
       Bite              |    27 |   137 |   180 |   208 ||   552
       Dagger            |       |   302 |       |   568 ||   870
Throw: Stone             |       |    12 |    14 |    18 ||    44
Invok: Line Pass         |       |       |     8 |    10 ||    18
Evoke: Wand              |       |       |     1 |     2 ||     3
  Use: Scroll            |       |     6 |       |    19 ||    25
       Potion            |       |     1 |     2 |     1 ||     4
 Stab: Paralysed         |       |       |    17 |    16 ||    33
       Confused          |       |       |     1 |     3 ||     4
  Eat: Chunk             |     1 |     7 |    14 |    17 ||    39
       Pizza             |       |       |       |     2 ||     2
       Beef jerky        |       |       |       |     2 ||     2
Armor: Scale mail        |    32 |   143 |   133 |       ||   308
       Ring mail         |       |       |    82 |   176 ||   258
       Skin              |       |       |       |    18 ||    18
Dodge: Dodged            |    27 |   116 |   192 |   201 ||   536
Block: Shield            |    35 |       |       |       ||    35
       Buckler           |     3 |    71 |   118 |    93 ||   285
